Map: Overgrown Facility

Players

Seph

  • Race: Zerg Zerg
  • League: Bronze
  • Spawn Location: 7:00

gujoe

  • Race: Protoss Protoss
  • League: Bronze
  • Spawn Location: 9:00

alex - Winner!

  • Race: Terran Terran
  • League: Gold
  • Spawn Location: 3:00

Mufasad - Winner!

  • Race: Terran Terran
  • Spawn Location: 1:00

VOD

Have the link to the VOD?

Description

Time

  • Played on: Feb. 15, 2019, 6:42 p.m.
  • Length: 11:15
Show
View Real Time Build Order
Export as new Build Order

Seph Zerg 

Build Orders: Pool First 

Get SALT Encoding   

  12  0:02  Drone  
  13  0:11  Drone  
  14  0:17  Overlord  
  14  0:37  Spawning Pool  
  13  0:46  Drone x3  
  16  0:53  Extractor  
  15  1:09  Overlord  
  15  1:17  Drone  
  16  1:22  Drone  
  17  1:26  Queen  
  19  1:34  Roach Warren  
  19  1:39  Zergling x2  
  19  1:50  Zergling x2  
  20  2:09  Hatchery  
  20  2:11  Zergling x2  
  20  2:18  Burrow  
  20  2:36  Roach x2  
  24  2:39  Roach  
  26  2:52  Extractor  
  25  3:10  Roach x2  
  25  3:12  Overlord  
  29  3:35  Lair  
  29  3:38  Drone  
  29  3:39  Drone  
  31  3:42  Queen  
  33  3:52  Roach  
  34  3:58  Roach  
  36  4:09  Overlord  
  36  4:41  Roach x3  
  42  4:48  Overlord x2  
  42  5:08  Roach  
  42  5:09  Roach x3  
  50  5:29  Roach x2  
  50  5:30  Roach x2  
  50  5:33  Roach x14  
  58  5:45  Roach x14  
  53  6:01  Roach x8  
  28  6:17  Roach  
  28  6:18  Roach x4  
  20  6:37  Drone x2  
  22  7:02  Drone  
  22  7:06  Drone  
  22  7:07  Drone  
  22  7:08  Drone  
  26  7:12  Queen  
  29  7:22  Drone  
  29  7:23  Drone  
  29  7:24  Roach x7  
  29  7:25  Drone  
  31  7:30  Drone x2  
  33  7:38  Extractor  
  32  7:53  Roach x2  
  32  7:56  Drone  
  37  7:58  Roach x5  
  37  7:59  Roach x2  
  37  8:01  Roach x13  
  45  8:10  Roach x9, Drone  
  46  8:15  Roach  
  46  8:30  Ravager  
  46  8:45  Drone  
  46  8:46  Drone  
  48  8:49  Roach x2  
  48  8:54  Zergling x4  
  53  8:59  Roach x2  
  53  9:00  Roach  
  59  9:04  Overlord  
  59  9:10  Glial Reconstitution  
  59  9:19  Roach x18  
  59  9:21  Evolution Chamber  
  59  9:22  Overlord  
  46  10:02  Roach  
  46  10:03  Roach x4  
  56  10:44  Roach x18  
  56  10:45  Roach x2  
  56  10:46  Roach x5  
  56  10:48  Roach  
  56  10:49  Roach  
  74  10:51  Overlord x3  
  74  10:52  Overlord  
Show
View Real Time Build Order
Export as new Build Order

gujoe Protoss 

Build Orders:  

Get SALT Encoding   

  12  0:01  Probe  
  13  0:13  Probe  
  14  0:22  Pylon  
  14  0:25  Probe  
  15  0:43  Probe  
  15  0:44  Gateway  
  16  0:54  Assimilator  
  16  1:00  Forge  
  16  1:01  Probe  
  17  1:14  Pylon  
  17  1:22  Probe  
  18  1:34  Probe  
  18  1:35  Cybernetics Core  
  19  1:46  Probe  
  20  1:52  Warp Gate  
  20  2:03  Gateway  
  20  2:05  Gateway  
  20  2:08  Gateway  
  20  2:21  Pylon  
  20  2:24  Assimilator  
  20  2:40  Gateway  
  20  2:55  Probe  
  21  3:08  Probe  
  22  3:14  Nexus  
  22  3:20  Probe  
  22  3:23  Protoss Shields Level 1  
  23  3:36  Gateway  
  23  3:51  Twilight Council  
  23  3:53  Stalker x2  
  27  4:11  Stalker x2  
  31  4:28  Blink  
  31  4:36  Stalker  
  33  4:42  Probe  
  34  4:54  Probe  
  35  5:00  Adept x2  
  35  5:01  Adept  
  35  5:06  Probe  
  42  5:18  Probe  
  43  5:30  Probe  
  38  6:05  Stalker x2  
  38  6:06  Stalker x4  
  50  6:40  Stalker  
  50  6:41  Stalker  
  54  6:51  Pylon  
  54  6:54  Pylon x2  
  54  6:55  Pylon  
  54  6:59  Pylon  
  54  7:09  Probe  
  55  7:21  Protoss Ground Weapons Level 1, Probe  
  56  7:29  Stalker x3  
  62  7:31  Probe  
  62  7:33  Stalker  
  65  7:39  Probe  
  66  7:48  Probe  
  67  7:58  Stalker x4  
  75  8:23  Stalker x5  
  63  9:11  Zealot x5  
  63  9:12  Zealot  
  45  9:55  Zealot x3  
  45  9:56  Zealot x3  
  33  10:17  Zealot  
  33  10:18  Zealot x3  
  33  10:19  Zealot x2  
Show
View Real Time Build Order
Export as new Build Order

alex Terran - Winner!

Build Orders:  

Get SALT Encoding   

  12  0:01  SCV  
  13  0:17  Supply Depot  
  13  0:19  SCV  
  14  0:31  SCV  
  15  0:40  Barracks  
  16  0:50  SCV  
  16  0:55  Barracks  
  16  1:02  SCV  
  17  1:15  Barracks  
  17  1:18  SCV  
  18  1:27  Barracks  
  18  1:34  Marine  
  19  1:44  Marine  
  20  1:52  Marine  
  21  1:56  Supply Depot  
  21  1:59  Orbital Command  
  21  2:01  Marine  
  21  2:04  Marine  
  23  2:17  Marine x2  
  23  2:22  Marine x2  
  27  2:35  Refinery  
  27  2:37  SCV  
  27  2:39  Marine x2  
  27  2:42  Supply Depot  
  30  2:47  Marine x2  
  32  2:56  Marine  
  32  2:57  Marine  
  34  3:01  SCV  
  34  3:05  Marine x2  
  37  3:13  Supply Depot  
  37  3:15  Marine  
  37  3:17  Marine  
  39  3:51  Marine  
  39  3:52  Marine x3  
  43  4:09  Marine  
  44  4:26  Marine  
  44  4:27  Marine x2  
  47  4:37  Barracks Reactor  
  45  5:37  Barracks Reactor x3  
  45  5:44  Barracks Tech Lab x2  
  20  6:34  Stimpack, Combat Shield  
  20  6:46  Marauder  
  20  6:47  Marauder  
  24  6:48  Marine x4  
  28  7:02  Command Center, SCV  
  28  7:06  Marine  
  28  7:07  Refinery  
  28  7:08  Marauder x2  
  34  7:11  Marine x3  
  34  7:14  SCV  
  38  7:23  Marine  
  38  7:25  Factory  
  38  7:26  SCV  
  38  7:29  Marauder, Marine x2  
  44  7:32  Marine x2  
  46  7:41  Marine  
  47  7:47  Marauder  
  47  7:51  Marauder  
  51  7:52  Concussive Shells  
  51  7:56  Marine x3  
  54  7:59  Marine  
  54  8:04  Supply Depot  
  55  8:09  Marauder  
  55  8:12  Marauder  
  59  8:14  Factory Tech Lab, Marine x3  
  59  8:17  Marine  
  63  8:24  Starport  
  63  8:28  Orbital Command  
  63  8:30  Marauder  
  63  8:31  SCV  
  63  8:33  Marauder  
  68  8:43  SCV  
  69  8:55  SCV  
  70  9:07  SCV  
  71  9:15  Starport Reactor  
  71  9:17  Siege Tank  
  71  9:19  Marauder x2, SCV, Marine  
  71  9:20  Marine  
  71  9:21  Marine  
  76  9:40  Marauder x2  
  71  10:02  Marauder  
  63  10:56  Marine  
  63  10:57  Marine x3  
Show
View Real Time Build Order
Export as new Build Order

Mufasad Terran - Winner!

Build Orders:  

Get SALT Encoding   

  12  0:19  SCV, Supply Depot  
  13  0:31  SCV  
  14  0:53  Barracks  
  14  0:54  SCV  
  15  1:06  SCV  
  16  1:13  Barracks  
  16  1:18  SCV  
  17  1:31  SCV  
  18  1:43  SCV  
  18  1:46  Barracks  
  19  1:55  SCV, Supply Depot  
  20  2:07  SCV  
  21  2:10  Supply Depot  
  21  2:26  Marine x2  
  23  2:36  Supply Depot  
  23  2:39  SCV  
  23  2:44  Marine x2  
  24  2:46  Marine  
  27  2:51  SCV  
  27  2:58  Supply Depot  
  28  3:01  Marine  
  28  3:02  Marine  
  28  3:04  Marine  
  31  3:12  Refinery  
  31  3:15  SCV  
  31  3:19  Marine x2  
  33  3:21  Marine  
  35  3:27  SCV  
  36  3:37  Marine x2  
  36  3:38  Refinery  
  36  3:39  SCV, Marine  
  40  3:51  SCV  
  40  3:55  Marine x2  
  42  3:57  Marine  
  44  4:13  Marine x2  
  44  4:15  Marine  
  47  4:30  Marine  
  47  4:31  Marine  
  49  4:32  Engineering Bay  
  49  4:36  Engineering Bay  
  49  4:43  Orbital Command  
  49  4:46  Marine  
  49  4:48  Marine x2  
  52  5:03  Marine  
  52  5:06  Marine x2  
  55  5:07  Factory  
  53  5:21  Marine  
  53  5:24  Marine  
  55  5:43  Marine  
  55  5:44  Marine  
  29  6:24  Marine x3  
  32  6:34  Factory Tech Lab  
  32  6:37  Starport  
  30  6:42  Marine x3  
  30  6:46  Terran Infantry Weapons Level 1  
  33  6:47  Terran Infantry Armor Level 1  
  33  7:00  Marine x3  
  36  7:04  Barracks, Siege Tank  
  39  7:17  Starport Reactor  
  39  7:18  Marine x3  
  42  7:26  Command Center  
  42  7:31  Refinery  
  42  7:35  Marine  
  42  7:36  Marine x2  
  42  7:37  Siege Tank  
  48  7:52  Barracks Tech Lab  
  48  7:53  Marine x2  
  48  7:54  Refinery, Marine  
  51  7:58  Barracks  
  55  8:09  Siege Tank  
  55  8:11  Marine  
  55  8:20  Supply Depot  
  55  8:21  Liberator x2  
  55  8:24  Supply Depot  
  55  8:32  Supply Depot  
  55  8:38  Marine x4  
  55  8:40  Stimpack  
  65  8:42  Supply Depot  
  60  8:49  Supply Depot  
  57  9:04  Siege Tank  
  57  9:07  Marine x2  
  62  9:28  Medivac x2  
Tags
 
Add a new tag
Caveats
  • Supply blocks, unpowered buildings, or Contaminate may cause inaccurate times.
  • Supply counts are checked every 10 seconds.